 Dungeon Crawl Stone Soup version 0.28-a0-893-g5e322aebe8 (webtiles) character file.

Game seed: 1564301092569429050

11547 Conn the Arsonist (level 11, -6/63 HPs)
             Began as an Octopode Fire Elementalist on Nov 22, 2021.
             Was a Believer of Sif Muna.
             Killed from afar by Jorgrun (36 damage)
             ... with a blast of rock fragments
             ... on level 2 of the Orcish Mines.
             The game lasted 00:28:36 (11855 turns).

Conn the Arsonist (Octopode Fire Elementalist)     Turns: 11855, Time: 00:28:36

Health: -6/63      AC:  2    Str:  7    XL:     11   Next: 79%
Magic:  9/42       EV: 32    Int: 27    God:    Sif Muna [**....]
Gold:   300        SH:  0    Dex: 13    Spells: 3/28 levels left

rFire   + . .      SeeInvis .   L - +2 dagger (holy)
rCold   . . .      Faith    .   (no shield)
rNeg    + . .      Spirit   .   J - +1 hat {Stlth+}
rPois   .          Reflect  .   O - amulet of Vemiupt {Acrobat Drain Will+++ Regen+ MP+9}
rElec   .          Harm     .   l - ring of protection from fire
rCorr   +          Rampage  .   e - +6 ring of intelligence
Will    +++++                   o - ring of magical power
Stlth   ++++++....              u - ring of willpower
HPRegen 1.20/turn               v - +4 ring of evasion
MPRegen 0.28/turn               y - ring of willpower
                                F - ring of positive energy
                                M - ring of resist corrosion

@: acrobatic
A: almost no armour, amphibious, 8 rings, camouflage 1, gelatinous body 1,
(nimble swimmer 1), tentacles
a: Renounce Religion, Channel Magic


You were on level 2 of the Orcish Mines.
You worshipped Sif Muna.
Sif Muna was pleased with you.
You visited 3 branches of the dungeon, and saw 12 of its levels.

You collected 660 gold pieces.
You spent 360 gold pieces at shops.

Inventory:

Hand Weapons
 a - a +0 dagger
 w - a +2 falchion of holy wrath
 H - a +3 scimitar of flaming
 L - a +2 dagger of holy wrath (weapon)
Missiles
 k - 33 poisoned darts
 q - a throwing net
 r - 6 curare-tipped darts (quivered)
Armour
 C - a +0 buckler
 J - a +1 hat of stealth (worn)
Jewellery
 e - a +6 ring of intelligence (right tentacle)
 l - a ring of protection from fire (left tentacle)
 o - a ring of magical power (on tentacle)
 u - a ring of willpower (on tentacle)
 v - a +4 ring of evasion (on tentacle)
 y - a ring of willpower (on tentacle)
 A - a ring of ice
 D - an amulet of reflection
 F - a ring of positive energy (on tentacle)
 M - a ring of resist corrosion (on tentacle)
 N - a ring of willpower
 O - the amulet of Vemiupt (around mantle) {Acrobat Drain Will+++ Regen+ MP+9}
   (You found it on level 9 of the Dungeon)

   [amulet of the acrobat]

   It increases your evasion while moving and waiting.
   MP:        It affects your magic capacity (+9).
   Regen:     It increases your rate of health regeneration.
   Drain:     It drains your maximum health when unequipped.
   Will:      It greatly increases your willpower.
Wands
 p - a wand of flame (26)
 t - a wand of charming (7)
 x - a wand of paralysis (19)
 K - a wand of digging (10)
Scrolls
 b - 5 scrolls of teleportation
 d - a scroll of fear {unknown}
 h - a scroll of noise {unknown}
 i - 3 scrolls of blinking {unknown}
 n - 4 scrolls of amnesia {unknown}
 B - a scroll of enchant weapon {unknown}
 G - a scroll of immolation {unknown}
 I - a scroll of fog {unknown}
Potions
 c - 2 potions of attraction
 f - 2 potions of heal wounds
 g - 3 potions of brilliance
 j - 3 potions of curing
 m - 2 potions of ambrosia
 s - 2 potions of invisibility
 z - a potion of haste
 E - a potion of might {unknown}


   Skills:
 + Level 1.4 Fighting
 + Level 1.2(1.4) Short Blades
 + Level 1.1(1.4) Long Blades
 + Level 0.5 Throwing
 + Level 3.0 Dodging
 + Level 7.4 Stealth
 + Level 9.1 Spellcasting
 + Level 8.2 Conjurations
 + Level 2.1 Hexes
 - Level 3.0 Translocations
 + Level 0.4 Transmutations
 + Level 9.2 Fire Magic
 * Level 3.6 Air Magic
 + Level 3.6 Poison Magic
 * Level 5.5 Invocations


You had 3 spell levels left.
You knew the following spells:

 Your Spells              Type           Power      Damage    Failure   Level
a - Foxfire               Conj/Fire      100%       2x1d9     1%          1
b - Conjure Flame         Conj/Fire      56%        6-21      1%          3
c - Inner Flame           Hex/Fire       42%        N/A       1%          3
d - Flame Wave            Conj/Fire      56%        3d10      1%          4
e - Scorch                Fire           100%       2d10      1%          2
f - Blink                 Tloc           56%        N/A       1%          2
g - Apportation           Tloc           56%        N/A       1%          1
h - Mephitic Cloud        Conj/Pois/Air  40%        N/A       1%          3
i - Ignite Poison         Fire/Tmut/Pois 36%        N/A       2%          3
j - Stone Arrow           Conj/Erth      68%        3d11      2%          3

Your spell library contained the following spells:

 Spells                   Type           Power      Damage    Failure   Level
 Shock                    Conj/Air       100%       1d9       1%          1
 Swiftness                Air            32%        N/A       3%          3
 Ensorcelled Hibernation  Hex/Ice        34%        N/A       4%          2
 Tukima's Dance           Hex            23%        N/A       6%          3
 Airstrike                Air            16%        N/A       11%         4
 Freezing Cloud           Conj/Ice/Air   16%        6-21      26%         5
 Manifold Assault         Tloc           28%        N/A       36%         5
 Alistair's Intoxication  Tmut/Pois      15%        N/A       50%         5
 Storm Form               Tmut/Air       11%        N/A       100%        7
 Lehudib's Crystal Spear  Conj/Erth      17%        10d5      100%        8
 Animate Armour           Summ/Erth      Unusable   N/A       N/A         4

Dungeon Overview and Level Annotations

Branches:
Dungeon (9/15)             Temple (1/1) D:7             Orc (2/2) D:9
   Lair: D:8-11         Elf: Orc:2

Altars:
Ashenzari
Cheibriados
Dithmenos
Elyvilon
Fedhas
Gozag
Hepliaklqana
Kikubaaqudgha
Makhleb
Nemelex Xobeh
Okawaru
Qazlal
Ru
Sif Muna
Trog
Uskayaw
Vehumet
Wu Jian
Xom
Yredelemnul
Zin
The Shining One

Shops:
D:1 !   D:2 (   D:3 *   D:4 (   D:7 :

Annotations:
Orc:2 Jorgrun


Innate Abilities, Weirdness & Mutations

You cannot wear most types of armour.
You are amphibious.
You can wear up to eight rings at the same time.
Your skin changes colour to match your surroundings (Stealth+).
Your rubbery body absorbs attacks. (AC +1, EV +1)
((You are camouflaged near water. (Stealth+)))
You have tentacles for arms and can constrict up to eight enemies at once.


Message History

Press: ? - help, Shift-Dir - straight line, f - orc warrior, p - orc
Aim: an orc warrior, wielding a +0 scimitar and wearing a +0 plate armour (chance to affect: 81%)
The ball explodes into a vile cloud!
The stinking cloud engulfs the orc warrior but does no damage.
The stinking cloud engulfs the orc priest but does no damage.
The orc priest is almost dead.
The stinking cloud engulfs the ogre but does no damage.
You hear a shout!
The ogre is engulfed in noxious fumes.
The orc priest is engulfed in noxious fumes.
The orc priest appears confused.
The orc priest hits the ogre with a +0 club.
An ogre comes into view. It is wielding a +0 giant spiked club.
The orc is engulfed in noxious fumes.
The orc appears confused.
The orc warrior is engulfed in noxious fumes.
The orc warrior appears confused.
A two-headed ogre comes into view.
It is wielding a +0 giant spiked club and a +0 giant club.
Jorgrun is engulfed in noxious fumes.
Unknown command.
Unknown command.
Unknown command.
Unknown command.
Your surroundings suddenly seem different.
Found 46 gold pieces.
Sif Muna accepts your kill.
You feel a bit more experienced. Sif Muna accepts your kill.
You feel a bit more experienced. Sif Muna accepts your kill.
You feel a bit more experienced.
You now have 300 gold pieces (gained 20).
You start resting.
Jorgrun is nearby!
Jorgrun casts a spell next to you.
The wall shatters!
The blast of rock fragments hits you!!
Ouch! That really hurt!
Jorgrun casts a spell next to you.
The wall shatters!
The blast of rock fragments hits you!!!
Ouch! That really hurt!
You die...

#..........##
...
##....#......
...
###....g.....
..
##.#.....##...
. #........##
#.........#
##....#...#
##..#.##.#..
#..@...### .
##.##.## ###
##


You could see Jorgrun.

Vanquished Creatures
  Gastronok (D:8)
  An orc warlord (Orc:2)
  Erica (D:8)
  A two-headed ogre (Orc:2)
  Pikel (D:5)
  Joseph (D:8)
  A tengu conjurer (D:9)
  Sigmund (D:3)
  11 yaks
  A wraith (D:8)
  Eustachio (D:5)
  Grum (D:8)
  A wyvern (D:8)
  Edmund (D:4)
  Duvessa (D:7)
  A water moccasin (D:8)
  A sky beast (D:6)
  7 orc warriors
  A hornet zombie (D:9)
  2 ice beasts
  3 wolves (D:8)
  A necrophage (D:4)
  11 ogres
  A centaur (D:5)
  A lemure (D:5)
  A kobold brigand (D:9)
  4 bullfrogs
  4 gnoll sergeants
  A water moccasin zombie (D:6)
  Dowan (D:7)
  2 electric eels (D:6)
  7 howler monkeys
  5 orc priests
  10 hounds
  A jelly (D:6)
  Crazy Yiuf (D:5)
  A bullfrog skeleton (D:7)
  2 gnoll shamans (D:6)
  Ijyb (D:5)
  Jessica (D:3)
  Natasha (thrice) (D:3)
  An iguana (D:5)
  7 orc wizards
  A hound skeleton (D:4)
  32 gnolls
  6 adders
  A shadow imp (D:7)
  A white imp (D:8)
  2 worms
  4 dart slugs
  25 orcs
  4 bats
  9 endoplasms
  6 giant cockroaches
  6 goblins
  12 hobgoblins
  19 jackals
  A quokka (D:1)
  3 training dummies (D:4)
  4 ball pythons
  3 frilled lizards
  12 kobolds
  A rat (D:1)
259 creatures vanquished.

Vanquished Creatures (others)
  948 foxfires
  2 fungi (D:5)
950 creatures vanquished.

Grand Total: 1209 creatures vanquished

Notes
Turn   | Place    | Note
-------+----------+-------------------------------------------
     0 | D:1      | Conn the Octopode Fire Elementalist began the quest for the
                  | Orb.
     0 | D:1      | Reached XP level 1. HP: 11/11 MP: 3/3
   135 | D:1      | Reached XP level 2. HP: 12/17 MP: 0/5
   365 | D:1      | Found Dyoharemi's Distillery.
   811 | D:1      | Reached XP level 3. HP: 21/21 MP: 1/6
  1337 | D:2      | Reached XP level 4. HP: 27/27 MP: 0/7
  1531 | D:2      | Found Aheuck's Weapon Shoppe.
  1720 | D:2      | Learned a level 3 spell: Conjure Flame
  1724 | D:2      | Learned a level 3 spell: Inner Flame
  1789 | D:2      | Found a bloodstained altar of Trog.
  2386 | D:3      | Reached skill level 5 in Stealth
  2388 | D:3      | Reached XP level 5. HP: 32/32 MP: 0/8
  2501 | D:3      | Noticed Natasha
  2507 | D:3      | Killed Natasha
  2636 | D:3      | Noticed Jessica
  2640 | D:3      | Killed Jessica
  2641 | D:3      | Reached skill level 1 in Short Blades
  2641 | D:3      | Reached XP level 6. HP: 37/37 MP: 5/10
  2729 | D:3      | Noticed Natasha
  2735 | D:3      | Killed Natasha
  2843 | D:3      | Noticed Natasha
  2851 | D:3      | Killed Natasha
  2921 | D:3      | Noticed Sigmund
  2942 | D:3      | Learned a level 4 spell: Flame Wave
  3126 | D:3      | Found Xanidiha's General Store.
  3236 | D:3      | Killed Sigmund
  3237 | D:3      | Reached XP level 7. HP: 42/42 MP: 3/12
  3608 | D:4      | Found Mynoh's Firing Range.
  3637 | D:4      | Bought 5 curare-tipped darts for 30 gold pieces
  3825 | D:4      | Noticed Edmund
  3847 | D:4      | Killed Edmund
  4144 | D:4      | Reached skill level 5 in Fire Magic
  4233 | D:4      | Reached XP level 8. HP: 47/47 MP: 7/14
  4822 | D:5      | Entered Level 5 of the Dungeon
  4856 | D:5      | Found an ancient bone altar of Kikubaaqudgha.
  4858 | D:5      | Found a white marble altar of Elyvilon.
  4859 | D:5      | Found a bloodstained altar of Trog.
  5265 | D:5      | Reached skill level 5 in Spellcasting
  5415 | D:5      | Noticed Ijyb
  5422 | D:5      | Noticed Eustachio
  5423 | D:5      | Killed Ijyb
  5434 | D:5      | Killed Eustachio
  5435 | D:5      | Reached skill level 5 in Conjurations
  5661 | D:5      | Noticed Pikel
  5695 | D:5      | Killed Pikel
  5696 | D:5      | Reached skill level 1 in Fighting
  5696 | D:5      | Reached XP level 9. HP: 53/53 MP: 12/18
  5892 | D:5      | Reached skill level 1 in Hexes
  6088 | D:5      | Found a runed translucent door.
  6089 | D:5      | Noticed Crazy Yiuf
  6107 | D:5      | Killed Crazy Yiuf
  6265 | D:5      | Learned a level 2 spell: Scorch
  6268 | D:5      | Learned a level 2 spell: Blink
  6270 | D:5      | Learned a level 1 spell: Apportation
  6324 | D:6      | Found a glowing silver altar of Zin.
  6355 | D:6      | Reached skill level 1 in Translocations
  6709 | D:6      | Reached XP level 10. HP: 54/58 MP: 8/20
  7758 | D:7      | Found a staircase to the Ecumenical Temple.
  7767 | Temple   | Entered the Ecumenical Temple
  7855 | Temple   | Became a worshipper of Sif Muna the Loreminder
  8061 | D:7      | Noticed Duvessa
  8062 | D:7      | Noticed Dowan
  8087 | D:7      | Killed Duvessa
  8091 | D:7      | Killed Dowan
  8240 | D:7      | Reached skill level 1 in Long Blades
  8444 | D:7      | Learned a level 3 spell: Mephitic Cloud
  8448 | D:7      | Learned a level 3 spell: Ignite Poison
  8676 | D:7      | Identified the +0 leather armour "Amisomm" {Harm rPois
                  | Stlth-}
  8689 | D:7      | Found Pyozxe Oschio's Book Shoppe.
  8870 | D:3      | Bought an amulet of reflection for 330 gold pieces
  8944 | D:8      | Noticed Joseph
  8955 | D:8      | Killed Joseph
  8956 | D:8      | Reached skill level 1 in Poison Magic
  8956 | D:8      | Reached skill level 1 in Invocations
  8989 | D:8      | Noticed Erica
  9353 | D:8      | Noticed Grum
  9363 | D:8      | Killed Grum
  9404 | D:8      | Reached skill level 1 in Air Magic
  9711 | D:8      | Killed Erica
  9925 | D:8      | Noticed Gastronok
  9947 | D:8      | Killed Gastronok
  9948 | D:8      | Reached XP level 11. HP: 32/63 MP: 1/23
 10398 | D:9      | Learned a level 3 spell: Stone Arrow
 10410 | D:9      | Found a staircase to the Orcish Mines.
 10475 | D:9      | Reached * piety under Sif Muna
 11417 | D:9      | Identified the amulet of Vemiupt {Acrobat Drain Will+++
                  | Regen+ MP+9}
 11538 | Orc:1    | Entered Level 1 of the Orcish Mines
 11799 | Orc:2    | Entered Level 2 of the Orcish Mines
 11806 | Orc:2    | Noticed an orc warlord
 11815 | Orc:2    | Reached ** piety under Sif Muna
 11815 | Orc:2    | Noticed a two-headed ogre
 11824 | Orc:2    | Reached skill level 5 in Invocations
 11825 | Orc:2    | Killed an orc warlord
 11829 | Orc:2    | Noticed Jorgrun
 11829 | Orc:2    | Noticed an ogre mage
 11830 | Orc:2    | Killed a two-headed ogre
 11832 | Orc:2    | Noticed a two-headed ogre
 11834 | Orc:2    | Noticed a two-headed ogre
 11855 | Orc:2    | Killed from afar by Jorgrun

Illustrated notes

Levels and vault maps discovered:
D:1:      matt_arrival_grand_opening, layout_loops_ring, serial_shops,
          nicolae_square_shop, st_stairs_3, due_unseen_surprise
D:2:      layout_basic, serial_shops, shop_fountains, basic_altar
D:3:      layout_basic, serial_shops, nicolae_shop_waterfront, uniq_jessica,
          uniq_sigmund, uniq_natasha
D:4:      layout_gridville, minmay_door_square, nicolae_shop_firing_range,
          uniq_edmund
D:5:      layout_basic, gammafunk_temple_overflow_forgotten, uniq_ijyb,
          uniq_eustachio, uniq_crazy_yiuf_cottage, uniq_pikel
D:6:      layout_cave_pools, zin_academy, serial_gnoll_camp,
          gnoll_camp_mini_basic, gnoll_camp_mini_hut, gnoll_camp_huts_moat,
          gnoll_camp_mini_doghouse
D:7:      layout_basic, minmay_temple_entry_poolview, serial_shops,
          kennysheep_mini, uniq_duvessa
D:8:      layout_loops_cross, uniq_grum, uniq_joseph, uniq_erica, uniq_gastronok
D:9:      layout_irregular_city, orc_0_dummy
Temple:   mainiacjoe_temple_coin_purse
Orc:1:    layout_caves
Orc:2:    st_orc_ogre_mass, layout_caves, uniq_jorgrun

Skill      XL: |  1  2  3  4  5  6  7  8  9 10 11 |
---------------+----------------------------------+-----
Stealth        | 3 5 6 7 |  7.4
Conjurations   | 2 3 4 5 6 7 8 |  8.2
Fire Magic     | 4 5 6 7 8 9 |  9.2
Short Blades   | 1 |  1.2
Spellcasting   | 3 4 6 7 8 9 |  9.1
Fighting       | 1 |  1.4
Hexes          | 1 2 |  2.1
Translocations | 1 3 |  3.0
Long Blades    | 1 |  1.1
Poison Magic   | 3 |  3.6
Invocations    | 3 5 |  5.5
Air Magic      | 2 3 |  3.6
Dodging        | 3 |  3.0
Throwing       | |  0.5
Transmutations | |  0.4

Action                   |  1- 3 |  4- 6 |  7- 9 | 10-12 || total
-------------------------+-------+-------+-------+-------++-------
Melee: Dagger            |    37 |    32 |     6 |     3 ||    78
       Constrict         |    10 |     9 |     4 |     2 ||    25
       Tentacles         |     5 |     6 |     2 |     1 ||    14
       Falchion          |       |       |    10 |    15 ||    25
Throw: Dart              |       |       |     3 |     1 ||     4
 Cast: Foxfire           |    32 |    98 |   223 |   196 ||   549
       Conjure Flame     |       |       |     3 |     9 ||    12
       Inner Flame       |       |       |     8 |    21 ||    29
       Flame Wave        |       |       |     2 |    16 ||    18
       Scorch            |       |       |       |     4 ||     4
       Mephitic Cloud    |       |       |       |    14 ||    14
       Blink             |       |       |       |     4 ||     4
       Ignite Poison     |       |       |       |     4 ||     4
       Stone Arrow       |       |       |       |     1 ||     1
Invok: Channel Magic     |       |       |       |     1 ||     1
  Use: Scroll            |       |     3 |     1 |     2 ||     6
       Potion            |       |     2 |       |       ||     2
 Stab: Sleeping          |     4 |     7 |     5 |     2 ||    18
Armor: Skin              |     6 |     2 |     2 |     2 ||    12
Dodge: Dodged            |    26 |    44 |    15 |    44 ||   129
Block: Other             |       |       |       |     2 ||     2

Table legend: (Time is in decaauts)
 A = Elapsed time spent in this place.
 B = Non-inter-level travel time spent in this place.
 C = Inter-level travel time spent in this place.
 D = Time resting spent in this place.
 E = Time spent auto-exploring this place.
 F = Levels seen in this place.
 G = Mean time per level.
                   A        B        C        D        E       F      G
               +--------+--------+--------+--------+--------+-----+--------+
         Total |  11857 |  11445 |    412 |    466 |   8663 |  12 |  988.1 |
       Dungeon |  11439 |  11041 |    398 |    461 |   8371 |   9 | 1271.0 |
        Temple |    101 |     88 |     13 |      0 |     67 |   1 |  101.0 |
  Orcish Mines |    316 |    316 |      0 |      5 |    225 |   2 |  158.0 |
               +--------+--------+--------+--------+--------+-----+--------+

Top non-repeatable levels by time:
     D:5: 1509 daAuts
     D:1: 1402 daAuts
     D:7: 1363 daAuts
     D:6: 1340 daAuts
     D:3: 1334 daAuts
     D:4: 1243 daAuts
     D:9: 1210 daAuts
     D:8: 1140 daAuts
     D:2: 894 daAuts
   Orc:1: 260 daAuts
  Temple: 101 daAuts
   Orc:2: 55 daAuts
